 Dungeon Sprint DCSS version 0.24-a0-244-ga6a6ab7 (webtiles) character file.

Game seed: 17475127406722401596

436 MikeHunt the Grappler (level 6, -8/59 HPs)
             Began as a Troll Fighter on Apr 10, 2019.
             Was an Initiate of Okawaru.
             Mangled by Sonja
             ... wielding a +1 dagger of distortion
              (11 damage)
             ... in the Dungeon (Sprint I: "Red Sonja").
             The game lasted 00:01:31 (171 turns).

MikeHunt the Grappler (Troll Fighter)                Turns: 171, Time: 00:01:32

Health: -8/59      AC:  6    Str: 25    XL:     6   Next: 68%
Magic:  5/5        EV: 10    Int:  4    God:    Okawaru [......]
Gold:   309        SH: 11    Dex: 11    Spells: 5/5 levels left

rFire    . . .     SeeInvis .     - Unarmed
rCold    . . .     Gourm    +   b - +0 shield
rNeg     . . .     Faith    .   a - +0 robe
rPois    .         Spirit   .   (helmet restricted)
rElec    .         Reflect  .   (no cloak)
rCorr    .         Harm     .   (gloves unavailable)
MR       .....     NoTele   +   (boots unavailable)
Stlth    +.........             (no amulet)
HPRegen  0.59/turn              (no ring)
MPRegen  0.09/turn              (no ring)

@: lethally poisoned (-8 -> -8), slowed, very slow
A: large, unfitting armour, claws 3, fast metabolism 3, gourmand, regeneration
1, shaggy fur 1, tough skin 3
a: Renounce Religion


You were in the Dungeon.
You worshipped Okawaru.
Okawaru was noncommittal.
You were completely stuffed.

You visited 1 branch You collected 309 gold pieces.

Inventory:

Armour
 a - a +0 robe (worn)
 b - a +0 shield (worn)
Scrolls
 j - a scroll of blinking
 k - a scroll of identify {unknown}
Potions
 c - a potion of might
 e - a potion of curing
 f - a potion of heal wounds
 g - a potion of haste
 h - 2 potions of magic
Comestibles
 d - 2 rations
 i - 2 chunks of flesh {@w1}


   Skills:
 - Level 2.4 Fighting
 - Level 2.4 Dodging
 - Level 9.0 Shields
 + Level 10.3 Unarmed Combat


You had 5 spell levels left.
You didn't know any spells.
Your spell library was empty.

Dungeon Overview and Level Annotations

Branches:
Dungeon (1/1)

Altars:
Cheibriados
Dithmenos
Elyvilon
Fedhas
Gozag
Hepliaklqana
Kikubaaqudgha
Nemelex Xobeh
Okawaru
Qazlal
Ru
Sif Muna
Trog
Uskayaw
Vehumet
Wu Jian
Yredelemnul
Zin
The Shining One

Shops:
D !

Annotations:
D Sonja


Innate Abilities, Weirdness & Mutations

You are too large for most types of armour.
You have claws for hands.
Your metabolism is lightning-fast.
You like to eat raw meat.
Your natural rate of healing is unusually fast.
You are covered in fur. (AC +1)
You have extremely tough skin. (AC +3)


Message History

Space bends around you. Sonja hits you but does no damage.
Space bends around you.
Sonja hits you with a +1 dagger of distortion.
You feel a strange sense of stasis.
Sonja hits you with a +1 dagger of distortion.
Space bends around you. Sonja barely misses you.
You scratch Sonja.
Sonja is lightly wounded.
You feel sick. Sonja hits you but does no damage.
You feel a strange sense of stasis. Sonja hits you but does no damage.
Space warps horribly around you!!
* * * LOW HITPOINT WARNING * * *
Sonja hits you but does no damage. Space bends around you.
* * * LOW HITPOINT WARNING * * *
Sonja hits you but does no damage. Space warps horribly around you!
You die...

#<.#..)..#..'..#
#..'[.#..').#..+
#..#####'#####'#
#..####..#...#.#
#..#__####..##.#
#..#_____##'#_.+
#⌠⌠#_.∩...÷..._#
####_..__##_(#+#
#_____###@#
####### #K# $.$
#$.$# ##.## #+#


You could see Sonja.

Vanquished Creatures
  Sigmund (D)
  A yak (D)
  An ogre (D)
  A jelly (D)
  Ijyb (D)
5 creatures vanquished.

Notes
Turn   | Place    | Note
-------+----------+-------------------------------------------
     0 | D        | MikeHunt the Troll Fighter began the quest for the Orb.
     0 | D        | Reached XP level 1. HP: 22/22 MP: 0/0
     1 | D        | Noticed Ijyb
    11 | D        | Killed Ijyb
    11 | D        | Reached skill level 4 in Unarmed Combat
    11 | D        | Reached XP level 2. HP: 29/29 MP: 1/1
    18 | D        | Noticed an ogre
    24 | D        | Killed an ogre
    24 | D        | Reached skill level 5 in Shields
    24 | D        | Reached skill level 6 in Unarmed Combat
    24 | D        | Reached XP level 3. HP: 4/36 MP: 2/2
    24 | D        | Reached XP level 4. HP: 5/44 MP: 3/3
    94 | D        | Noticed Sigmund
    98 | D        | Killed Sigmund
    98 | D        | Reached skill level 9 in Unarmed Combat
    98 | D        | Reached XP level 5. HP: 50/50 MP: 4/4
   113 | D        | Found a deep blue altar of Sif Muna.
   114 | D        | Found an ornate altar of the Wu Jian Council.
   115 | D        | Found a radiant altar of Vehumet.
   119 | D        | Reached XP level 6. HP: 52/59 MP: 5/5
   143 | D        | Found Tavogolusu's Distillery.
   143 | D        | Found an ancient bone altar of Kikubaaqudgha.
   143 | D        | Found a hazy altar of Hepliaklqana.
   143 | D        | Found a hide-covered altar of Uskayaw.
   143 | D        | Found a basalt altar of Yredelemnul.
   143 | D        | Found an opulent altar of Gozag.
   143 | D        | Found a snail-covered altar of Cheibriados.
   143 | D        | Found a sacrificial altar of Ru.
   143 | D        | Found a shadowy altar of Dithmenos.
   143 | D        | Noticed a yak
   146 | D        | Killed a yak
   146 | D        | Reached skill level 10 in Unarmed Combat
   147 | D        | Found a stormy altar of Qazlal.
   147 | D        | Found a blossoming altar of Fedhas.
   147 | D        | Found a bloodstained altar of Trog.
   147 | D        | Found an iron altar of Okawaru.
   147 | D        | Found a glowing golden altar of the Shining One.
   147 | D        | Found a glowing silver altar of Zin.
   147 | D        | Found a white marble altar of Elyvilon.
   153 | D        | Found a sparkling altar of Nemelex Xobeh.
   158 | D        | Became a worshipper of Warmaster Okawaru
   166 | D        | Noticed Sonja
   171 | D        | Mangled by Sonja

Levels and vault maps discovered:
D:        dungeon_sprint_1 [red_sonja_temple_1, red_sonja_temple_small_1]

Skill      XL: |  1  2  3  4  5  6 |
---------------+-------------------+-----
Shields        | 4 5 7 8 9 |  9.0
Unarmed Combat | 4 6 9 10 | 10.3
Fighting       | |  2.4
Dodging        | |  2.4

Action                   |  1- 3 |  4- 6 || total
-------------------------+-------+-------++-------
Melee: Unarmed           |    13 |    11 ||    24
  Use: Potion            |     1 |       ||     1
  Eat: Chunk             |     2 |     5 ||     7
Armor: Robe              |     5 |     3 ||     8
Dodge: Dodged            |     2 |     5 ||     7
Block: Shield            |     3 |     7 ||    10

Table legend:
 A = Non-vault XP
 B = Vault XP
 C = Vault XP percentage of total XP
 D = Non-vault monster count
 E = Vault monster count
 F = Vault count percentage of total count
                 A         B        C        D         E       F
            +---------+---------+-------+---------+---------+-------
      Total |       0 |     623 | 100.0 |       0 |       5 | 100.0
            +---------+---------+-------+---------+---------+-------
          D |       0 |     623 | 100.0 |       0 |       5 | 100.0
            +---------+---------+-------+---------+---------+-------
